 Dungeon Crawl Stone Soup version 0.31-a0-1025-g2e47921a08 (webtiles) character file.

Game seed: 5258427682214824975

31045 Anon1729 the Warrior (level 13, -4/128 HPs)
             Began as a Minotaur Monk on Nov 17, 2023.
             Was the Champion of Dithmenos.
             Killed by divine providence
             ... invoked by an orc priest
             ... summoned by a boggart
              (14 damage)
             ... on level 13 of the Dungeon.
             The game lasted 00:16:34 (13371 turns).

Anon1729 the Warrior (Minotaur Monk)               Turns: 13371, Time: 00:16:34

Health: -4/128     AC: 10    Str: 13    XL:     13   Next: 23%
Magic:  12/12      EV: 30    Int:  5    God:    Dithmenos [******]
Gold:   738        SH:  4    Dex: 19    Spells: 12/12 levels left

rFire   + . .        a - +0 long sword
rCold   . . .        (no shield)
rNeg    . . .        u - +0 acid dragon scales
rPois   .            (helmet restricted)
rElec   .            v - +2 cloak
rCorr   +            x - +0 pair of gloves of the Guilds {rF+ Regen+ Int-2}
SInv    .            (no boots)
Will    .....        (no amulet)
Stlth   ++           B - +5 ring of evasion
HPRegen 1.21/turn    y - +5 ring of evasion
MPRegen 0.13/turn

%: no passive effects
@: about to teleport, wreathed by umbra
A: horns 2, retaliatory headbutt, large bone plates 1, weak 1
a: Renounce Religion, Shadow Step, Shadow Form


You were on level 13 of the Dungeon.
You worshipped Dithmenos.
Dithmenos was exalted by your worship.
You visited 1 branch of the dungeon, and saw 14 of its levels.

You collected 738 gold pieces.

Inventory:

Hand Weapons
 a - a +0 long sword (weapon)
 o - the +6 dagger "Cyol" {vamp, rF+}
   (You found it on level 9 of the Dungeon)

   rF+:       It protects you from fire.
Missiles
 g - 2 throwing nets
Armour
 p - the +0 pair of boots of the Falcon {rC+ rN+ Will- Str+2}
   (You found it on level 3 of the Dungeon)

   Str+2:     It affects your strength (+2).
   rC+:       It protects you from cold.
   rN+:       It protects you from negative energy.
   Will-:     It decreases your willpower.
 u - +0 acid dragon scales (worn)
 v - a +2 cloak (worn)
 x - the +0 pair of gloves of the Guilds (worn) {rF+ Regen+ Int-2}
   (You acquired it on level 9 of the Dungeon)

   Int-2:     It affects your intelligence (-2).
   rF+:       It protects you from fire.
   Regen+:    It increases your rate of health regeneration.
Jewellery
 k - a ring of willpower
 r - a ring of willpower
 y - a +5 ring of evasion (right hand)
 B - a +5 ring of evasion (left hand)
Wands
 q - a wand of flame (9)
Scrolls
 d - a scroll of noise
 e - 2 scrolls of summoning
 j - 7 scrolls of teleportation
 l - 2 scrolls of fear
 n - 4 scrolls of enchant armour
 s - a scroll of immolation
 C - 3 scrolls of enchant weapon
Potions
 b - a potion of lignification
 c - 7 potions of ambrosia
 f - a potion of invisibility {unknown}
 h - 2 potions of attraction
 i - 2 potions of curing
 m - 2 potions of mutation
 t - a potion of resistance
 A - a potion of berserk rage {unknown}


   Skills:
 + Level 16.1 Fighting
 + Level 15.8 Long Blades
 + Level 14.6 Dodging


You had 12 spell levels left.
You didn't know any spells.
Your spell library contained the following spells:

 Spells                   Type           Power      Damage    Failure   Level
 Static Discharge         Conj/Air       0%         3-3/arc   75%         2
 Sublimation of Blood     Necr           0%         N/A       75%         2
 Gell's Gravitas          Tloc           0%         N/A       93%         3
 Stone Arrow              Conj/Erth      0%         3d7       93%         3
 Teleport Other           Tloc           0%         N/A       93%         3
 Airstrike                Air            0%         2d(0-16)  100%        4
 Animate Armour           Summ/Erth      0%         N/A       100%        4
 Petrify                  Tmut/Erth      0%         N/A       100%        4
 Summon Lightning Spire   Summ/Air       0%         N/A       100%        4
 Irradiate                Conj/Tmut      0%         3d11      100%        5
 Dispersal                Tloc           0%         N/A       100%        6
 Lehudib's Crystal Spear  Conj/Erth      0%         10d2      100%        8


Dungeon Overview and Level Annotations

Branches:
Dungeon (15/15)            Temple (0/1) D:6            Lair (0/5) D:8
    Orc (0/2) D:10         Depths (0/4) D:15
 Vaults: D:13-14

Altars:
Ashenzari
Dithmenos
Elyvilon
Gozag
Nemelex Xobeh
Qazlal
Trog
Uskayaw
Vehumet
Wu Jian
Yredelemnul
Zin

Annotations:
D:6 Jeremiah
D:15 3 runed translucent doors


Innate Abilities, Weirdness & Mutations

You have a pair of horns on your head.
You reflexively headbutt those who attack you in melee.
You are partially covered in large bone plates. (SH +4)
You are weak. (Str -2)


Message History

You hit something. Something completely misses you.
The boulder beetle closely misses you. The troll bites you.
The troll completely misses you. x2; The ice devil hits you!
The ice devil freezes you!!
* * * LOW HITPOINT WARNING * * *
The meliai mumbles some strange prayers to its god against you.
Something smites you!
* * * LOW HITPOINT WARNING * * *
The boulder beetle leaps!
You closely miss something. Something hits you but does no damage.
Two slime creatures merge to form a large slime creature.
The boulder beetle completely misses you.
The troll completely misses you. The troll closely misses you.
The troll completely misses you. The ice devil completely misses you.
You furiously retaliate!
You headbutt the ice devil!
As you read the scroll of teleportation, it crumbles to dust.
You feel strangely unstable.
You hear some strange, mumbled words.
The boulder beetle completely misses you.
You furiously retaliate!
You headbutt the boulder beetle. The troll bites you!
* * * LOW HITPOINT WARNING * * *
The troll completely misses you. x2; The ice devil completely misses you.
You feel better. Something completely misses you.
The orc priest invokes the aid of Beogh against you.
Beogh smites you!
* * * LOW HITPOINT WARNING * * *
The boulder beetle completely misses you.
The troll completely misses you. You furiously retaliate!
You headbutt the troll. The troll completely misses you. x2
The ice devil closely misses you. You furiously retaliate!
You headbutt the ice devil, but do no damage.
The troll closely misses you. You block the troll's attack.
The troll barely misses you.
You feel better. Something completely misses you.
The meliai invokes the aid of its god against you.
Something smites you!
* * * LOW HITPOINT WARNING * * *
The orc priest mumbles some strange prayers to Beogh against you.
Beogh smites you!
You die...

#..########...
#.......).....
#.#########...
#.# #... #.#
#... #.# #...
# #.# #...
.ygK#######.#
#...
o{KlK94@{T..#
#...


.JyoK{TTB...# ##oyJ#####..# #.J #..# #. #..# # #..# #..# #..# You could see a
boulder beetle (summoned), a large slime creature (summoned), 2 slime creatures,
a komodo dragon, an ice devil (summoned), a kobold demonologist (summoned), 3
trolls, a gargoyle (summoned), 3 kobold brigands, 3 meliai, a boggart, an orc
priest (summoned), an orc wizard (summoned) and an orc (summoned).

Vanquished Creatures
  5 centaur warriors
  An ogre mage (D:15)
  A boulder beetle (D:15)
  A death knight (D:15)
  5 two-headed ogres
  A tengu warrior (D:15)
  A death yak (D:8)
  A deep troll (D:15)
  An arcanist (D:15)
  An orc knight (D:14)
  2 necromancers (D:15)
  4 ugly things (D:14)
  A deep elf pyromancer (D:15)
  5 manticores
  3 cyclopes
  Maggie (D:6)
  A kobold demonologist (D:10)
  A yaktaur (D:15)
  3 freezing wraiths (D:15)
  A tengu conjurer (D:15)
  A queen bee (D:10)
  5 trolls
  6 polar bears
  Grinder (D:6)
  Prince Ribbit (D:6)
  A hornet (D:10)
  2 dream sheep (D:9)
  A shadow (D:9)
  5 slime creatures (D:15)
  2 hogs (D:8)
  13 yaks
  A basilisk (D:15)
  2 steam dragons
  A warg (D:14)
  4 vampire mosquitoes (D:13)
  2 water moccasins
  4 ice beasts
  A sky beast (D:8)
  4 black bears
  2 orc warriors (D:14)
  3 ogres (D:15)
  A boggart (D:13)
  2 wolves
  6 centaurs
  2 kobold brigands (D:8)
  Blork the orc (D:6)
  A gnoll sergeant (D:9)
  2 bullfrogs
  2 scorpions
  10 wights
  20 killer bees
  2 electric eels
  3 howler monkeys
  2 jellies
  3 orc priests
  A gnoll bouda (D:9)
  Crazy Yiuf (D:6)
  3 hounds
  A sleepcap (D:7)
  3 iguanas (D:5)
  9 orc wizards
  18 gnolls
  5 adders
  A white imp (D:15)
  An ufetubus (D:15)
  A worm (D:3)
  2 dart slugs
  36 orcs
  7 endoplasms
  A giant cockroach (D:4)
  7 goblins
  4 hobgoblins
  6 jackals (D:3)
  7 quokkas
  7 ball pythons
  6 bats
  2 frilled lizards (D:1)
  14 kobolds
  6 rats
308 creatures vanquished.

Vanquished Creatures (collateral kills)
  An ettin (D:15)
1 creature vanquished.

Grand Total: 309 creatures vanquished

Notes
Turn   | Place    | Note
-------+----------+-------------------------------------------
     0 | D:1      | Anon1729 the Minotaur Monk began the quest for the Orb.
     0 | D:1      | Reached XP level 1. HP: 19/19 MP: 0/0
   296 | D:1      | Reached XP level 2. HP: 27/27 MP: 1/1
   425 | D:1      | Reached skill level 4 in Fighting
   592 | D:1      | Found a faded altar of an unknown god.
   657 | D:1      | Prayed at the altar of an unknown god.
   657 | D:1      | Became a worshipper of Dithmenos the Shadowed
   657 | D:1      | Reached * piety under Dithmenos
   657 | D:1      | Reached ** piety under Dithmenos
   891 | D:2      | Reached XP level 3. HP: 26/33 MP: 2/2
  1003 | D:2      | Reached *** piety under Dithmenos
  1653 | D:3      | Found a stormy altar of Qazlal.
  1653 | D:3      | Found a white marble altar of Elyvilon.
  1754 | D:3      | Reached XP level 4. HP: 41/41 MP: 3/3
  1942 | D:3      | Identified the +0 pair of boots of the Falcon {rC+ rN+
                  | Will- Str+2}
  2377 | D:3      | Reached skill level 5 in Fighting
  2377 | D:3      | Reached skill level 5 in Long Blades
  2377 | D:3      | Reached XP level 5. HP: 45/48 MP: 4/4
  2746 | D:4      | Reached **** piety under Dithmenos
  3087 | D:4      | Noticed a black bear
  3098 | D:4      | Killed a black bear
  3099 | D:4      | Reached skill level 5 in Dodging
  3099 | D:4      | Reached XP level 6. HP: 33/57 MP: 5/5
  3565 | D:4      | Found an opulent altar of Gozag.
  4001 | D:5      | Entered Level 5 of the Dungeon
  4010 | D:5      | Reached skill level 6 in Fighting
  4140 | D:5      | Reached XP level 7. HP: 56/64 MP: 6/6
  4332 | D:5      | Found a glowing silver altar of Zin.
  4356 | D:5      | Found a shadowy altar of Dithmenos.
  4459 | D:5      | Found a broken altar of Ashenzari.
  4859 | D:6      | Noticed Prince Ribbit
  4872 | D:6      | Killed Prince Ribbit
  4873 | D:6      | Reached skill level 7 in Fighting
  5007 | D:6      | Noticed Grinder
  5010 | D:6      | Paralysed by Grinder for 5 turns
  5018 | D:6      | Killed Grinder
  5019 | D:6      | Reached XP level 8. HP: 46/74 MP: 7/7
  5105 | D:6      | Found a staircase to the Ecumenical Temple.
  5129 | D:6      | Noticed Maggie
  5152 | D:6      | Killed Maggie
  5153 | D:6      | Reached skill level 8 in Fighting
  5573 | D:6      | Noticed Jeremiah
  5754 | D:6      | Noticed Blork the orc
  5758 | D:6      | Killed Blork the orc
  6035 | D:6      | Found a runed translucent door.
  6036 | D:6      | Noticed Crazy Yiuf
  6189 | D:6      | Killed Crazy Yiuf
  6545 | D:7      | Found a hide-covered altar of Uskayaw.
  6547 | D:7      | Found an ornate altar of the Wu Jian Council.
  6579 | D:7      | Reached skill level 9 in Fighting
  6588 | D:7      | Reached XP level 9. HP: 21/75 MP: 8/8
  6898 | D:7      | Found a bloodstained altar of Trog.
  7590 | D:8      | Found a staircase to the Lair.
  7599 | D:8      | Reached skill level 10 in Fighting
  7644 | D:8      | Reached skill level 10 in Long Blades
  8009 | D:8      | Reached ***** piety under Dithmenos
  8474 | D:9      | Reached XP level 10. HP: 94/94 MP: 9/9
  8756 | D:9      | Found a faded altar of an unknown god.
  8756 | D:9      | Found a basalt altar of Yredelemnul.
  8763 | D:9      | Found a faded altar of an unknown god.
  8765 | D:9      | Found a radiant altar of Vehumet.
  8767 | D:9      | Found a sparkling altar of Nemelex Xobeh.
  8793 | D:9      | Found a runed translucent gate.
  8793 | D:9      | Found a runed translucent gate.
  8793 | D:9      | Found a runed translucent gate.
  8794 | D:9      | Noticed a manticore
  8794 | D:9      | Noticed a death yak
  8912 | D:9      | Reached skill level 11 in Fighting
  8915 | D:9      | Reached skill level 10 in Dodging
  9170 | D:9      | Gained mutation: You are partially covered in large bone
                  | plates. (SH +4) [potion of mutation]
  9170 | D:9      | Gained mutation: You are weak. (Str -2) [potion of
                  | mutation]
  9465 | D:8      | Killed a death yak
  9466 | D:8      | Reached skill level 12 in Fighting
  9759 | D:9      | Killed a manticore
  9760 | D:9      | Reached XP level 11. HP: 98/105 MP: 10/10
  9806 | D:9      | Identified the +6 dagger "Cyol" {vamp, rF+}
  9824 | D:9      | Identified a scroll of acquirement
  9824 | D:9      | Acquired the +0 pair of gloves of the Guilds {rF+ Regen+
                  | Int-2}
  9875 | D:10     | Entered Level 10 of the Dungeon
 10036 | D:10     | Paralysed by a hornet for 1 turns
 10376 | D:10     | Found a staircase to the Orcish Mines.
 10388 | D:10     | Reached skill level 13 in Fighting
 10504 | D:10     | Noticed a two-headed ogre
 10515 | D:10     | Killed a two-headed ogre
 10819 | D:11     | You fall into a shaft and drop 3 floors!
 10844 | D:14     | Noticed a brown ugly thing
 10847 | D:14     | Noticed a brown ugly thing
 10850 | D:14     | Noticed a brown ugly thing
 10850 | D:14     | Noticed a brown ugly thing
 10894 | D:14     | Noticed a centaur warrior
 10907 | D:14     | Killed a centaur warrior
 10964 | D:14     | Noticed a centaur warrior
 10978 | D:14     | Killed a centaur warrior
 10984 | D:14     | Noticed an orc knight
 11001 | D:14     | Killed an orc knight
 11006 | D:14     | Killed a green ugly thing
 11013 | D:14     | Killed a brown ugly thing
 11013 | D:14     | Killed a red ugly thing
 11014 | D:14     | Reached skill level 14 in Fighting
 11014 | D:14     | Reached XP level 12. HP: 99/117 MP: 11/11
 11593 | D:15     | Entered Level 15 of the Dungeon
 11593 | D:15     | Noticed a centaur warrior
 11603 | D:15     | Killed a centaur warrior
 11815 | D:15     | Noticed a boulder beetle
 11870 | D:15     | Killed a boulder beetle
 11910 | D:15     | Noticed an ettin
 11916 | D:15     | Noticed a tengu warrior
 11928 | D:15     | Reached ****** piety under Dithmenos
 11955 | D:15     | Killed an ettin
 11956 | D:15     | Reached skill level 15 in Fighting
 12053 | D:15     | Killed a tengu warrior
 12090 | D:15     | Found a staircase to the Depths.
 12155 | D:15     | Reached skill level 15 in Long Blades
 12172 | D:15     | Found a runed translucent gate.
 12173 | D:15     | Found a runed translucent gate.
 12182 | D:15     | Found a runed translucent gate.
 12383 | D:15     | Noticed a death knight
 12419 | D:15     | Killed a death knight
 12532 | D:15     | Identified the +4 quarterstaff "Minotaur's Death" {flame,
                  | rN++ Will+ SInv}
 12661 | D:15     | Noticed an ogre mage
 12661 | D:15     | Noticed a two-headed ogre
 12661 | D:15     | Noticed a two-headed ogre
 12661 | D:15     | Noticed a two-headed ogre
 12661 | D:15     | Noticed a two-headed ogre
 12661 | D:15     | Noticed a centaur warrior
 12669 | D:15     | Killed a centaur warrior
 12861 | D:15     | Killed an ogre mage
 12870 | D:15     | Killed a two-headed ogre
 12871 | D:15     | Reached XP level 13. HP: 119/128 MP: 12/12
 13147 | D:13     | Reached skill level 16 in Fighting
 13371 | D:13     | Killed from afar by an orc priest

Illustrated notes

Levels and vault maps discovered:
D:1:      lordsloth_arrival_two_stooges, layout_loops_ring,
          basic_ecumenical_altar
D:2:      layout_loops_ring, minmay_misc_feat_enclosed
D:3:      layout_loops_corners, gammafunk_temple_overflow_elements
D:4:      layout_basic, mainiacjoe_overflow_alcove_1,
          chequers_serial_rivers_small_a, nicolae_hexahallways
D:5:      layout_rooms, kennysheep_mini, nicolae_dithmenos_the_darkroom,
          nicolae_ashenzari_panopticon
D:6:      layout_loops_cross, minmay_temple_entry_drinking_statues,
          nrook_mini_vaults, nicolae_sextant, nicolae_figureground_sparkle,
          uniq_prince_ribbit1, uniq_crazy_yiuf_cottage, uniq_jeremiah,
          uniq_blork_the_orc, uniq_grinder, uniq_maggie
D:7:      layout_loops_ring, chequers_temple_overflow_statue_of_worship,
          kennysheep_little_box, corexii_checkpoint
D:8:      layout_gridville, lair_entry_dummy, nicolae_straight_to_the_point
D:9:      lemuel_bear_cage, layout_rooms, chequers_temple_overflow_minitemple
D:10:     layout_basic, orc_0_dummy, minivault_7
D:11:     layout_basic
D:13:     layout_long_grid, david_vaults_4, uniq_kirke
D:14:     layout_basic
D:15:     hangedman_depths_entry_civil_slaughter, layout_gridville,
          ploomutoo_gammafunk_ghost_potion_laboratory,
          hangedman_abyss_or_decor_slice, serial_ice, serial_ice_k,
          serial_ice_e, serial_ice_g, serial_ice_a, minmay_misc_feat_tiny

Skill      XL: |  1  2  3  4  5  6  7  8  9 10 11 12 13 |
---------------+----------------------------------------+-----
Fighting       | 4 5 6 7 9 10 12 14 15 16 | 16.1
Long Blades    | 4 5 6 7 8 10 12 13 15 | 15.8
Dodging        | 4 5 6 8 9 11 12 14 | 14.6

Action                     |  1- 3 |  4- 6 |  7- 9 | 10-12 | 13-15 || total
---------------------------+-------+-------+-------+-------+-------++-------
  Melee: Falchion          |    74 |   135 |   271 |   395 |       ||   875
         Headbutt          |     7 |    21 |    64 |   246 |    28 ||   366
         Punch             |       |       |     3 |    11 |     2 ||    16
         Dagger            |       |       |       |   344 |       ||   344
         Long sword        |       |       |       |    78 |   108 ||   186
  Evoke: Wand              |       |       |     4 |     8 |       ||    12
    Use: Scroll            |       |       |     6 |    10 |     1 ||    17
         Potion            |       |       |     1 |    12 |     2 ||    15
   Stab: Sleeping          |     1 |     3 |     5 |     2 |     1 ||    12
         Distracted        |       |     1 |     1 |       |       ||     2
 Armour: Robe              |    35 |    62 |    30 |       |       ||   127
         Acid dragon scale |       |       |   103 |   308 |    51 ||   462
         Skin              |       |       |       |     2 |       ||     2
  Dodge: Dodged            |    42 |   122 |   231 |   778 |   157 ||  1330
  Block: Other             |       |       |       |   105 |    23 ||   128

Table legend: (Time is in decaauts)
 A = Elapsed time spent in this place.
 B = Non-inter-level travel time spent in this place.
 C = Inter-level travel time spent in this place.
 D = Time resting spent in this place.
 E = Time spent auto-exploring this place.
 F = Levels seen in this place.
 G = Mean time per level.
                   A        B        C        D        E       F      G
               +--------+--------+--------+--------+--------+-----+--------+
         Total |  13030 |  12661 |    369 |   1576 |   8782 |  14 |  930.7 |
       Dungeon |  13030 |  12661 |    369 |   1576 |   8782 |  14 |  930.7 |
               +--------+--------+--------+--------+--------+-----+--------+

Top non-repeatable levels by time:
     D:8: 1743 daAuts
     D:6: 1406 daAuts
    D:15: 1383 daAuts
     D:4: 1365 daAuts
     D:3: 1147 daAuts
     D:7: 934 daAuts
     D:5: 857 daAuts
     D:9: 830 daAuts
     D:2: 829 daAuts
    D:14: 771 daAuts
     D:1: 672 daAuts
    D:10: 669 daAuts
    D:13: 211 daAuts
    D:11: 208 daAuts
